Map: [ESL] Oceanborn

Players

Stats

  • Race: Protoss Protoss
  • League: Master
  • Spawn Location: 11:00

Lambo - Winner!

  • Race: Zerg Zerg
  • Spawn Location: 5:00

Event: Bellum Gens Elite Stara Zagora 2024

VOD

Have the link to the VOD?

Description

Time

  • Played on: Sept. 7, 2024, 2:05 p.m.
  • Length: 14:57

All games in this series

Show
View Real Time Build Order
Export as new Build Order

Stats Protoss 

Build Orders: 1 Gate Expand, Oracle Opening 

Get SALT Encoding   

  12  0:00  Probe  
  13  0:12  Probe  
  14  0:18  Pylon  
  14  0:24  Probe (Chrono Boost)  
  15  0:37  Gateway, Probe (Chrono Boost)  
  16  0:45  Probe (Chrono Boost)  
  16  0:46  Assimilator  
  17  0:51  Probe  
  18  1:03  Probe  
  19  1:15  Probe  
  20  1:24  Nexus  
  20  1:33  Cybernetics Core  
  20  1:36  Probe  
  21  1:41  Assimilator  
  21  1:48  Probe  
  21  1:52  Pylon  
  22  2:00  Probe (Chrono Boost)  
  23  2:10  Adept  
  23  2:12  Probe (Chrono Boost)  
  23  2:14  Stargate  
  26  2:17  Probe (Chrono Boost)  
  27  2:26  Warp Gate, Probe (Chrono Boost)  
  28  2:36  Probe (Chrono Boost)  
  30  2:38  Probe (Chrono Boost)  
  30  2:42  Adept  
  33  2:45  Probe x2 (Chrono Boost)  
  33  2:50  Probe (Chrono Boost)  
  34  2:53  Probe  
  34  2:58  Oracle (Chrono Boost)  
  39  3:02  Probe  
  39  3:04  Gateway  
  39  3:05  Probe  
  41  3:14  Probe  
  41  3:17  Probe  
  43  3:20  Pylon  
  43  3:30  Nexus  
  43  3:33  Probe x2  
  45  3:36  Oracle (Chrono Boost)  
  48  3:41  Pylon  
  48  3:46  Probe x2  
  50  3:55  Assimilator  
  50  3:56  Assimilator  
  50  3:58  Probe x2  
  52  4:04  Pylon  
  52  4:06  Oracle  
  55  4:10  Probe x2  
  57  4:18  Forge  
  57  4:19  Twilight Council  
  57  4:22  Probe x2  
  59  4:34  Probe x2 (Chrono Boost)  
  61  4:44  Probe (Chrono Boost)  
  64  4:46  Blink, Probe (Chrono Boost)  
  64  4:47  Probe (Chrono Boost)  
  64  4:49  Gateway  
  64  4:51  Gateway, Protoss Ground Weapons Level 1 (Chrono Boost)  
  64  4:52  Probe (Chrono Boost)  
  65  4:53  Probe x2 (Chrono Boost)  
  65  4:57  Probe (Chrono Boost)  
  68  5:01  Probe x2  
  70  5:07  Stalker  
  70  5:08  Stalker, Shield Battery  
  70  5:10  Probe  
  70  5:12  Pylon  
  70  5:13  Probe x2  
  77  5:15  Pylon  
  77  5:20  Pylon  
  77  5:27  Probe x3  
  80  5:29  Assimilator  
  80  5:30  Assimilator  
  80  5:33  Stalker x2  
  84  5:38  Templar Archives  
  84  5:39  Probe x3  
  87  5:45  Stalker x2, Photon Cannon  
  91  5:56  Stalker x2  
  95  5:59  Probe x3  
  97  6:07  Gateway  
  97  6:09  Gateway, Psionic Storm  
  97  6:11  Gateway  
  97  6:14  Gateway, Stalker x2  
  101  6:24  Stalker x2  
  105  6:30  Robotics Facility  
  105  6:42  High Templar x2  
  105  6:43  Nexus  
  105  6:44  Pylon  
  105  6:47  Protoss Ground Weapons Level 2 (Chrono Boost)  
  109  6:48  Charge  
  109  6:51  Pylon  
  109  6:53  Pylon  
  109  6:55  Pylon  
  109  6:56  Pylon  
  109  7:03  Pylon  
  109  7:07  Zealot x4  
  117  7:16  High Templar x2  
  117  7:17  Zealot x2  
  125  7:23  Probe x3  
  125  7:24  Shield Battery  
  125  7:26  Shield Battery  
  125  7:27  Photon Cannon  
  125  7:28  Observer  
  125  7:29  Photon Cannon  
  129  7:31  Shield Battery  
  129  7:35  Probe x3  
  129  7:36  Fleet Beacon  
  132  7:41  Stargate  
  132  7:49  Probe x3  
  135  7:53  Assimilator  
  135  7:54  Shield Battery  
  135  7:55  Assimilator, Shield Battery  
  135  7:56  Photon Cannon  
  135  8:03  Probe x4  
  139  8:07  Photon Cannon  
  139  8:08  Shield Battery  
  139  8:14  Zealot x2, High Templar x2  
  139  8:15  Zealot x3  
  139  8:18  Tempest (Chrono Boost)  
  153  8:25  Tempest (Chrono Boost)  
  163  8:37  Photon Cannon  
  163  8:38  Shield Battery, Photon Cannon  
  163  8:51  Pylon  
  163  8:53  Pylon  
  163  8:54  Protoss Ground Weapons Level 3 (Chrono Boost)  
  163  8:55  Pylon  
  169  8:57  Pylon, Photon Cannon  
  169  8:59  Mothership  
  169  9:05  Tempest  
  169  9:09  Tempest  
  177  9:27  Zealot x7  
  177  9:28  Zealot  
  165  9:34  Archon  
  135  9:49  Stalker x5  
  135  9:51  Zealot x3  
  142  10:00  Probe x2  
  130  10:12  Probe  
  116  10:18  Zealot, High Templar x4  
  116  10:19  Zealot, Pylon x2  
  113  10:24  Pylon  
  113  10:32  Archon  
  113  10:40  High Templar x2  
  117  10:46  Nexus  
  117  10:47  Pylon  
  117  10:48  Pylon  
  117  10:51  Gateway  
  117  11:01  High Templar x2  
  117  11:02  Zealot x3  
  127  11:04  Shield Battery  
  127  11:05  Photon Cannon  
  127  11:14  Zealot x2  
  131  11:21  Protoss Air Weapons Level 1  
  121  11:27  Stalker x3  
  123  11:34  Zealot x3  
  117  11:52  Stalker  
  117  11:53  Stalker x2  
  100  11:54  Zealot  
  100  11:59  Archon x2  
  100  12:00  Zealot x2  
  97  12:03  Probe (Chrono Boost)  
  97  12:04  Probe x3 (Chrono Boost)  
  101  12:12  Assimilator  
  101  12:13  Probe (Chrono Boost)  
  101  12:15  Assimilator, High Templar  
  104  12:21  High Templar x3  
  104  12:22  High Templar x2  
  114  12:23  Probe  
  114  12:24  Probe x3  
  114  12:25  Pylon  
  118  12:35  Probe  
  118  12:36  Probe x3  
  122  12:37  Pylon  
  118  12:57  Zealot, High Templar x4  
  118  12:58  Zealot  
  124  12:59  Probe x4  
  124  13:00  Robotics Facility  
  124  13:12  Robotics Facility  
  120  13:13  Probe x4  
  124  13:23  Stalker x3  
  130  13:32  Archon  
  126  13:37  Zealot x5  
  124  13:47  Archon  
  112  13:50  Zealot, High Templar x2  
  110  13:56  Archon  
  110  13:59  Zealot x5  
  110  14:01  Immortal  
  115  14:03  Immortal  
  109  14:11  Probe x3  
  108  14:20  High Templar x3  
  108  14:21  Zealot x3  
  121  14:27  Archon  
  121  14:28  Zealot  
  121  14:29  Zealot, Probe (Chrono Boost)  
Show
View Real Time Build Order
Export as new Build Order

Lambo Zerg - Winner!

Build Orders: Hatch First, Lurkers 

Get SALT Encoding   

  12  0:00  Drone  
  13  0:12  Overlord  
  13  0:16  Drone  
  14  0:30  Drone x2  
  16  0:47  Hatchery  
  15  0:50  Drone  
  15  0:54  Drone  
  17  0:57  Drone  
  18  1:07  Extractor  
  17  1:12  Spawning Pool  
  17  1:15  Drone  
  17  1:19  Drone  
  18  1:29  Drone  
  19  1:40  Drone  
  20  1:50  Drone  
  21  2:00  Queen x2  
  21  2:01  Zergling x2, Overlord  
  26  2:08  Metabolic Boost  
  26  2:10  Drone  
  26  2:12  Drone  
  28  2:22  Drone x2  
  30  2:31  Drone  
  30  2:32  Drone  
  32  2:37  Hatchery  
  32  2:42  Drone  
  32  2:43  Overlord  
  32  2:49  Queen  
  34  2:53  Drone  
  34  2:54  Drone  
  36  3:01  Queen  
  36  3:04  Overlord  
  38  3:09  Drone x3  
  41  3:13  Drone  
  41  3:17  Overlord  
  41  3:19  Drone  
  43  3:25  Drone  
  44  3:28  Queen  
  44  3:31  Drone  
  47  3:37  Overlord  
  47  3:39  Drone x3  
  50  3:42  Queen  
  50  3:45  Spore Crawler  
  51  3:48  Spore Crawler  
  51  3:51  Drone x3  
  53  4:02  Overlord  
  53  4:04  Drone x5  
  60  4:13  Drone x4  
  60  4:15  Overlord  
  64  4:21  Zergling x4  
  64  4:22  Evolution Chamber  
  63  4:25  Drone x2, Roach Warren  
  64  4:34  Spore Crawler  
  64  4:37  Drone x5  
  66  4:41  Drone x4  
  66  4:42  Drone  
  72  4:48  Hatchery  
  72  4:50  Drone x3  
  74  4:53  Drone x2  
  74  4:54  Zerg Melee Weapons Level 1  
  74  4:57  Extractor  
  74  4:59  Extractor  
  74  5:00  Extractor  
  74  5:01  Lair  
  74  5:02  Drone x2  
  74  5:05  Spore Crawler  
  74  5:08  Drone  
  74  5:11  Drone x5  
  80  5:14  Drone x4  
  80  5:17  Drone x2  
  80  5:19  Extractor  
  80  5:20  Overlord  
  85  5:23  Overlord  
  85  5:24  Overlord  
  85  5:32  Overlord  
  84  5:37  Overlord x2  
  84  5:39  Overlord  
  84  5:43  Hatchery  
  83  5:50  Zergling x14  
  91  5:57  Drone  
  91  5:58  Drone  
  91  6:00  Drone  
  91  6:04  Hydralisk Den  
  91  6:05  Drone, Infestation Pit  
  91  6:07  Drone  
  91  6:12  Drone x9  
  91  6:13  Spore Crawler  
  99  6:21  Drone x4  
  99  6:25  Zergling x4, Extractor  
  104  6:33  Drone x3  
  104  6:35  Grooved Spines  
  105  6:40  Drone x2, Lurker Den, Extractor  
  105  6:41  Hydralisk x6  
  105  6:43  Extractor  
  105  6:44  Hive  
  115  6:49  Zerg Missile Weapons Level 1  
  115  6:52  Hydralisk x5  
  125  6:56  Zergling x6  
  128  7:03  Hydralisk  
  128  7:04  Hydralisk x3  
  128  7:05  Overlord x2  
  128  7:06  Zergling x4  
  128  7:07  Zergling x2  
  139  7:13  Zergling x6  
  139  7:15  Zergling x2  
  142  7:16  Overlord  
  142  7:22  Drone x3  
  142  7:24  Pneumatized Carapace  
  142  7:27  Zergling x22  
  153  7:31  Drone  
  153  7:33  Drone  
  153  7:34  Spine Crawler  
  153  7:36  Hydralisk  
  153  7:37  Hydralisk x2  
  154  7:39  Muscular Augments  
  154  7:41  Overseer  
  161  7:44  Drone x2  
  161  7:50  Zergling x2  
  161  7:51  Zergling x8  
  166  7:52  Overlord  
  166  7:57  Spine Crawler  
  165  8:01  Overlord  
  163  8:09  Zergling x10  
  164  8:14  Overlord, Seismic Spines  
  164  8:18  Overseer  
  164  8:20  Zergling x4  
  164  8:22  Overlord  
  164  8:23  Overlord  
  164  8:26  Nydus Network  
  165  8:28  Zergling x34  
  165  8:34  Drone x2  
  184  8:35  Spore Crawler  
  184  8:36  Lurker  
  184  8:37  Lurker x6  
  184  8:39  Overlord  
  190  8:41  Lurker  
  190  8:42  Lurker x5  
  190  8:43  Spine Crawler, Zergling x2  
  190  8:47  Overlord  
  196  9:01  Overlord  
  195  9:03  Zergling x2  
  195  9:04  Zergling x6  
  197  9:10  Overlord  
  197  9:14  Nydus Canal  
  197  9:16  Overlord  
  197  9:21  Zergling x8  
  197  9:22  Overlord  
  200  9:31  Nydus Canal, Hydralisk  
  193  9:32  Hydralisk x3  
  193  9:35  Overseer  
  164  9:40  Hydralisk x17  
  169  9:57  Nydus Canal  
  169  9:59  Zergling x24  
  172  10:05  Zergling x10  
  175  10:12  Nydus Canal  
  156  10:22  Viper x2  
  156  10:26  Nydus Canal  
  153  10:31  Zergling x30  
  155  10:38  Hydralisk x4  
  155  10:41  Zerg Missile Weapons Level 2  
  162  10:44  Overseer  
  162  10:51  Zergling x12  
  162  10:55  Overseer  
  168  11:03  Drone x5  
  172  11:08  Nydus Canal  
  172  11:13  Drone x5  
  177  11:18  Adaptive Talons  
  177  11:21  Zergling x10  
  174  11:28  Spine Crawler, Extractor  
  174  11:29  Extractor  
  174  11:30  Zergling x8  
  165  11:33  Adrenal Glands  
  165  11:35  Nydus Canal  
  165  11:37  Zergling x8  
  161  11:46  Hydralisk  
  161  11:47  Hydralisk x3  
  151  11:53  Nydus Canal  
  151  11:54  Zergling x2  
  151  11:55  Zergling x4  
  151  12:00  Hydralisk x4  
  150  12:02  Queen x3  
  150  12:04  Hydralisk  
  155  12:11  Nydus Canal, Hydralisk  
  155  12:12  Hydralisk x3  
  163  12:18  Lurker x2  
  163  12:19  Lurker x2  
  163  12:20  Lurker x2, Hydralisk x2  
  173  12:25  Spore Crawler  
  173  12:27  Spine Crawler  
  173  12:29  Nydus Canal  
  171  12:30  Zergling x8  
  171  12:36  Zergling x10  
  180  12:40  Zergling x4  
  182  12:44  Overlord  
  182  12:49  Zergling x4  
  176  12:57  Hydralisk x5  
  172  13:05  Hydralisk x2  
  172  13:11  Lurker  
  172  13:12  Lurker x3, Hydralisk x7  
  194  13:20  Nydus Canal  
  194  13:21  Zergling x6  
  196  13:30  Hydralisk x5  
  184  13:36  Hydralisk x4  
  179  13:43  Hydralisk  
  162  13:49  Hydralisk x6  
  162  13:52  Zergling x8  
  165  13:56  Zergling x4  
  165  14:00  Zergling x6  
  149  14:10  Hydralisk x4  
  149  14:16  Hydralisk x6  
  165  14:21  Hydralisk x2  
  165  14:29  Hydralisk x4  
  168  14:32  Hydralisk  
Tags
 
Add a new tag
Caveats
  • Supply blocks, unpowered buildings, or Contaminate may cause inaccurate times.
  • Supply counts are checked every 10 seconds.